 Dungeon Crawl Stone Soup version 0.22-a0-429-g97ce8ef (webtiles) character file.

7963 emperorscorpion the Cleaver (level 11, -2/94 HPs)
             Began as a Minotaur Fighter on May 25, 2018.
             Was a Priest of Wu Jian.
             Killed from afar by Tiareth's ghost (35 damage)
             ... with an orb of energy
             ... on level 10 of the Dungeon.
             The game lasted 00:17:21 (8682 turns).

emperorscorpion the Cleaver (Minotaur Fighter)      Turns: 8682, Time: 00:17:21

Health: -2/94      AC: 13    Str: 23    XL:     11   Next: 3%
Magic:  16/16      EV: 11    Int:  5    God:    Wu Jian [***...]
Gold:   760        SH: 11    Dex: 11    Spells: 6/18 levels left

rFire    + + .     SeeInvis .   a - +0 war axe (holy)
rCold    + . .     Gourm    .   c - +0 shield
rNeg     . . .     Faith    .   F - +4 ring mail of Asair {rPois rF++}
rPois    +         Spirit   .   (helmet restricted)
rElec    .         Reflect  .   u - +0 cloak
rCorr    .         Harm     .   J - +0 pair of gloves
MR       .....                  (no boots)
Stlth    +.........             r - amulet of regeneration
HPRegen  0.65/turn              t - ring of protection from cold
MPRegen  0.15/turn              (no ring)

@: no status effects
A: retaliatory headbutt, horns 2
a: Wall Jump, Serpent's Lash, Renounce Religion


You were on level 10 of the Dungeon.
You worshipped Wu Jian.
Wu Jian was most pleased with you.
You were hungry.

You visited 2 branches of the dungeon, and saw 11 of its levels.

You collected 904 gold pieces.
You spent 144 gold pieces at shops.

Inventory:

Hand Weapons
 a - a +0 war axe of holy wrath (weapon)
 b - a +2 flail of venom
 v - the +0 rapier "Mohyll" {elec, +Inv rElec}
   (You found it on level 8 of the Dungeon)

   Occasionally, upon striking a foe, it will discharge some electrical energy
   and cause terrible harm.
   It insulates you from electricity.
   It lets you turn invisible.
 L - a +0 blowgun
 R - a +1 war axe
Missiles
 s - 21 tomahawks
 w - 4 tomahawks of returning
 G - 33 poisoned needles
 I - a throwing net (quivered)
 N - 2 needles of sleeping
 Q - 4 javelins
Armour
 c - a +0 shield (worn)
 h - a +0 chain mail
 u - a +0 cloak (worn)
 D - a +0 scale mail
 F - the +4 ring mail of Asair (worn) {rPois rF++}
   (You found it on level 4 of the Dungeon)

   It greatly protects you from fire.
   It protects you from poison.
 J - a +0 pair of gloves (worn)
Jewellery
 r - an amulet of regeneration (around neck)
 t - a ring of protection from cold (left hand)
 P - a cursed -2 ring of intelligence {unknown}
Wands
 B - a wand of acid (15)
 C - a wand of random effects (9)
 K - a wand of flame (29)
 M - a wand of disintegration (18)
 S - a wand of paralysis (9)
Scrolls
 e - 9 scrolls of teleportation
 m - 3 scrolls of remove curse
 n - a scroll of fog
 x - 2 scrolls of amnesia
 y - a scroll of magic mapping
 z - 4 scrolls of identify
 O - a scroll of immolation
Potions
 d - a potion of might
 g - 2 potions of invisibility
 i - 2 potions of agility
 j - 6 potions of curing
 k - 4 potions of haste
 l - 3 potions of resistance
 p - 3 potions of cancellation
 q - 4 potions of mutation
 A - 4 potions of flight
 E - a potion of heal wounds
 H - a potion of brilliance
Comestibles
 f - 31 rations


   Skills:
 + Level 8.1 Fighting
 + Level 11.6 Axes
 + Level 7.6 Armour
 + Level 3.9 Dodging
 + Level 1.4 Stealth
 + Level 8.1 Shields
 * Level 4.0 Spellcasting
 * Level 4.1 Hexes
 + Level 0.6 Evocations


You had 6 spell levels left.
You knew the following spells:

 Your Spells              Type           Power        Failure   Level  Hunger
a - Invisibility          Hex            #.......     100%        6    #######
b - Confuse               Hex            #.......     58%         3    ####...
c - Regeneration          Chrm/Necr      #.........   98%         3    ####...

Your spell library contained the following spells:

 Spells                   Type           Power        Failure   Level  Hunger
 Animate Dead             Necr           N/A          100%        4    #####..
 Pain                     Necr           #...         78%         1    ##.....
 Animate Skeleton         Necr           N/A          78%         1    ##.....
 Vampiric Draining        Necr           #.........   98%         3    ####...
 Stone Arrow              Conj/Erth      #.....       98%         3    ####...
 Swiftness                Chrm/Air       #.......     89%         2    ###....
 Spider Form              Tmut/Pois      #.........   98%         3    ####...
 Blade Hands              Tmut           #.........   100%        5    ######.
 Ice Form                 Ice/Tmut       #.......     100%        4    #####..
 Confusing Touch          Hex            #.....       24%         1    ##.....
 Passwall                 Tmut/Erth      #.......     89%         2    ###....
 Sticks to Snakes         Tmut           #.......     89%         2    ###....
 Metabolic Englaciation   Hex/Ice        #.........   100%        5    ######.
 Lee's Rapid Deconstruct  Erth           #.........   100%        5    ######.
 Sandblast                Erth           #.....       78%         1    ##.....
 Petrify                  Tmut/Erth      #.......     100%        4    #####..
 Passage of Golubria      Tloc           N/A          100%        4    #####..
 Darkness                 Hex            #.........   100%        6    #######
 Beastly Appendage        Tmut           #.....       78%         1    ##.....
 Gell's Gravitas          Tloc           #.........   98%         3    ####...
 Yara's Violent Unravell  Hex/Tmut       #.........   100%        5    ######.


Dungeon Overview and Level Annotations

Branches:
Dungeon (10/15)            Temple (1/1) D:6             Orc (0/2) D:9
   Lair: D:8-11

Altars:
Ashenzari
Cheibriados
Dithmenos
Elyvilon
Fedhas
Gozag
Hepliaklqana
Kikubaaqudgha
Makhleb
Nemelex Xobeh
Okawaru
Qazlal
Ru
Sif Muna
Trog
Uskayaw
Vehumet
Wu Jian
Xom
Yredelemnul
Zin
The Shining One

Shops:
D:4 !   D:10 %:(

Annotations:
D:10 Tiareth's ghost, journeyman DECj


Innate Abilities, Weirdness & Mutations

You reflexively headbutt those who attack you in melee.
You have a pair of horns on your head.


Message History

You hit Tiareth's ghost but do no damage.
Your headbutt misses Tiareth's ghost.
Tiareth's ghost is heavily damaged.
Tiareth's ghost barely misses you.
You closely miss Tiareth's ghost. Your headbutt misses Tiareth's ghost.
Tiareth's ghost is heavily damaged.
Tiareth's ghost hits you but does no damage.
You miss Tiareth's ghost.
Tiareth's ghost is heavily damaged.
Tiareth's ghost casts a spell at you. The orb of energy hits you!
The orb of energy explodes!
You are feeling hungry.
You miss Tiareth's ghost.
Tiareth's ghost is heavily damaged.
Tiareth's ghost hits you but does no damage.
You miss Tiareth's ghost.
Tiareth's ghost is heavily damaged.
Tiareth's ghost points at you and mumbles some strange words.
The orb of energy hits you!
You die...

#.# #.##....#.##.##.##
#.# #....∩....##.##...
#.# ####...##.##......
#...####.##..#...
###............##.#
........##.#.##.... #
####.##.##.##†#####
....######....##.##†..#
#......@........#####..#
#...####W..#.#### #P #.
P...###....##
P.P..P##......
P.PP....#..#.### ##P.
P....P...#.#.#
#PP.PP....P........##
###.PPPP####.PPP.#....#
........+ #..........#


You could see Tiareth's ghost.

Vanquished Creatures
  A two-headed ogre (D:8)
  Urug (D:10)
  A polar bear (D:9)
  A hornet (D:9)
  Prince Ribbit (D:6)
  2 hippogriffs
  A spriggan (D:7)
  Eustachio (D:6)
  Edmund (D:4)
  A water moccasin (D:6)
  3 ice beasts
  2 sky beasts
  A phantom (D:9)
  2 black bears (D:10)
  4 orc warriors
  A necrophage (D:5)
  4 ogres
  4 centaurs
  A big kobold (D:9)
  Blork the orc (D:4)
  5 bullfrogs
  A wyvern zombie (D:6)
  12 scorpions
  3 killer bees (D:9)
  2 electric eels (D:9)
  3 howler monkeys (D:5)
  2 crimson imps
  2 quasits
  A centaur zombie (D:5)
  3 bullfrog zombies
  3 hounds
  7 orc priests
  2 centaur skeletons
  3 jellies
  17 orc wizards
  2 iguanas
  Ijyb (D:4)
  Natasha (twice) (D:2)
  7 worker ants
  A hound skeleton (D:5)
  A worker ant zombie (D:8)
  13 adders
  12 gnolls
  4 river rats (D:5)
  2 shadow imps
  An ufetubus (D:9)
  2 adder skeletons (D:4)
  An adder zombie (D:6)
  3 worms
  2 dart slugs (D:4)
  An adder simulacrum (D:9)
  6 leopard geckos
  59 orcs
  9 giant cockroaches
  2 gnoll zombies (D:2)
  6 goblins
  10 hobgoblins
  21 jackals
  2 quokkas
  5 ball pythons
  8 bats
  4 frilled lizards
  10 kobolds
  A leopard gecko zombie (D:7)
  11 rats
309 creatures vanquished.

Vanquished Creatures (others)
  An ufetubus (D:9)
  An orc (D:9)
  2 fungi (D:10)
4 creatures vanquished.

Grand Total: 313 creatures vanquished

Notes
Turn   | Place    | Note
-------+----------+-------------------------------------------
     0 | D:1      | emperorscorpion the Minotaur Fighter began the quest for the Orb.
     0 | D:1      | Reached XP level 1. HP: 19/19 MP: 0/0
    86 | D:1      | Reached XP level 2. HP: 27/27 MP: 1/1
   348 | D:1      | Reached XP level 3. HP: 33/33 MP: 2/2
  1015 | D:2      | Noticed a bullfrog
  1022 | D:2      | Reached skill level 3 in Axes
  1029 | D:2      | Killed a bullfrog
  1029 | D:2      | Reached XP level 4. HP: 6/41 MP: 3/3
  1331 | D:2      | Reached XP level 5. HP: 42/47 MP: 4/4
  1408 | D:2      | Noticed Natasha
  1412 | D:2      | Killed Natasha
  1412 | D:2      | Reached skill level 1 in Dodging
  1495 | D:2      | Reached skill level 4 in Axes
  1614 | D:2      | Noticed Natasha
  1620 | D:2      | Killed Natasha
  1891 | D:2      | Found a basalt altar of Yredelemnul.
  2069 | D:3      | Reached skill level 5 in Fighting
  2069 | D:3      | Reached XP level 6. HP: 51/56 MP: 5/5
  2322 | D:3      | Reached skill level 5 in Axes
  2326 | D:3      | Reached skill level 5 in Shields
  2683 | D:4      | Reached skill level 5 in Armour
  2852 | D:4      | Found a white marble altar of Elyvilon.
  2858 | D:4      | Reached skill level 6 in Axes
  2858 | D:4      | Reached XP level 7. HP: 58/61 MP: 6/6
  2877 | D:4      | Noticed Ijyb
  2889 | D:4      | Killed Ijyb
  2988 | D:4      | Found Cazelown's Distillery.
  2996 | D:4      | Noticed Edmund
  3006 | D:4      | Killed Edmund
  3190 | D:4      | Got an agate-encrusted ring mail
  3201 | D:4      | Identified the +4 ring mail of Asair {rPois rF++} (You found it on level 4 of the Dungeon)
  3292 | D:4      | Learned a level 6 spell: Invisibility
  3303 | D:4      | Bought a potion of brilliance for 48 gold pieces
  3303 | D:4      | Bought a potion of cancellation for 96 gold pieces
  3327 | D:4      | Reached skill level 7 in Axes
  3441 | D:4      | Noticed Blork the orc
  3449 | D:4      | Killed Blork the orc
  3498 | D:5      | Entered Level 5 of the Dungeon
  3550 | D:5      | Reached XP level 8. HP: 70/70 MP: 6/8
  3643 | D:5      | Reached skill level 1 in Hexes
  3644 | D:5      | Reached skill level 1 in Spellcasting
  3645 | D:5      | Reached skill level 8 in Axes
  4457 | D:6      | Reached skill level 9 in Axes
  4482 | D:6      | Reached skill level 1 in Stealth
  4482 | D:6      | Reached XP level 9. HP: 78/78 MP: 11/11
  4559 | D:6      | Noticed Prince Ribbit
  4572 | D:6      | Killed Prince Ribbit
  4685 | D:6      | Found a hide-covered altar of Uskayaw.
  4781 | D:6      | Noticed Eustachio
  4818 | D:6      | Killed Eustachio
  4941 | D:6      | Found a staircase to the Ecumenical Temple.
  4960 | Temple   | Entered the Ecumenical Temple
  5252 | Temple   | Became a worshipper of the Wu Jian Council
  5611 | D:7      | Found a sparkling altar of Nemelex Xobeh.
  5902 | D:7      | Reached skill level 10 in Axes
  6294 | D:7      | Found a deep blue altar of Sif Muna.
  6432 | D:8      | Noticed a two-headed ogre
  6446 | D:8      | Killed a two-headed ogre
  6446 | D:8      | Reached XP level 10. HP: 32/86 MP: 13/13
  6479 | D:8      | Reached * piety under Wu Jian
  6559 | D:8      | Found a stormy altar of Qazlal.
  6610 | D:8      | Got an encrusted rapier
  6611 | D:8      | Identified the cursed +0 rapier "Mohyll" {elec, +Inv rElec} (You found it on level 8 of the Dungeon)
  6709 | D:8      | Found a shattered altar of Ashenzari.
  7056 | D:8      | Found a glowing silver altar of Zin.
  7173 | D:9      | Found a staircase to the Orcish Mines.
  7207 | D:9      | Reached ** piety under Wu Jian
  7373 | D:9      | Learned a level 3 spell: Confuse
  7482 | D:9      | Found an opulent altar of Gozag.
  7782 | D:9      | Reached skill level 11 in Axes
  7901 | D:9      | Reached *** piety under Wu Jian
  8096 | D:10     | Entered Level 10 of the Dungeon
  8349 | D:10     | Found Haysesaw's Antique Weapon Shop.
  8355 | D:10     | Learned a level 3 spell: Regeneration
  8362 | D:10     | Found Dosot's Book Emporium.
  8387 | D:10     | Noticed Urug
  8404 | D:10     | Killed Urug
  8404 | D:10     | Reached XP level 11. HP: 53/94 MP: 15/15
  8572 | D:10     | Found Jerilul's Food Boutique.
  8657 | D:10     | Noticed Tiareth's ghost (journeyman DECj)
  8682 | D:10     | Killed from afar by Tiareth's ghost

Vault maps used:
D:1:      nagdon_arrival_double_spiral, minmay_misc_feat_secret_circle,
          minmay_tetromino_t2
D:2:      lemuel_zombie_altar_yredelemnul, first_ration, uniq_natasha
D:4:      elyvilon_altar_3, serial_shops, nicolae_shop_waterfront, uniq_edmund,
          uniq_blork_the_orc, uniq_ijyb
D:5:      gup_sewer_entry_spiral
D:6:      eat_drink_and_be_merry_uskayaw, minmay_temple_entry_water_ring,
          grunt_tough_drop, uniq_eustachio, uniq_prince_ribbit1
D:7:      led_sif_book, overflow_temple_1_default, the_bakery
D:8:      zin_statuary, overflow_temple_1_default, grunt_qazlal_clouds
D:9:      lemuel_crystal_altar, hiddenorc2_lemuel, serial_ice, serial_ice_c,
          serial_ice_n, serial_ice_m, serial_ice_f, serial_ice_d,
          kennysheep_small_circle
D:10:     old_forge, grunt_lair_entry_orc_guard_hut, serial_shops,
          nicolae_shop_trees, shop_coins, shop, shop, nicolae_shop_trees,
          grunt_ministairs_12, uniq_urug
Temple:   oiseaux_autumnal_temple

Skill      XL: |  1  2  3  4  5  6  7  8  9 10 11 |
---------------+----------------------------------+-----
Fighting       | 4 5 6 7 8 |  8.1
Armour         | 4 5 6 7 |  7.6
Shields        | 4 5 7 8 |  8.1
Axes           | 3 4 6 7 9 10 11 | 11.6
Dodging        | 1 2 3 |  3.9
Hexes          | 1 3 4 |  4.1
Spellcasting   | 2 3 4 |  4.0
Stealth        | 1 |  1.4
Evocations     | |  0.6

Action                   |  1- 3 |  4- 6 |  7- 9 | 10-12 || total
-------------------------+-------+-------+-------+-------++-------
Melee: War axe           |    75 |   144 |   392 |   307 ||   918
       Headbutt          |     6 |    17 |    70 |    59 ||   152
Invok: Lunge             |       |       |     7 |    15 ||    22
       Whirlwind         |       |       |       |     3 ||     3
       Wall Jump         |       |       |       |     1 ||     1
Evoke: Wand              |       |       |     8 |     4 ||    12
  Use: Scroll            |       |       |    15 |     2 ||    17
       Potion            |       |       |     4 |       ||     4
  Eat: Chunk             |       |     7 |    12 |     7 ||    26
Armor: Scale mail        |    15 |       |       |       ||    15
       Chain mail        |    50 |    59 |     9 |       ||   118
       Ring mail         |       |       |   134 |   105 ||   239
Dodge: Dodged            |    24 |    27 |   136 |    96 ||   283
Block: Shield            |    60 |    64 |   184 |   154 ||   462

Table legend:
 A = Spawn XP
 B = Non-spawn XP
 C = Spawn XP percentage of total XP
 D = Spawn monster count
 E = Non-spawn monster count
 F = Spawn count percentage of total count
 G = Total turns spent on level
                    A         B        C        D         E        F      G
               +---------+---------+-------+---------+---------+-------+---------
         Total |       0 |   11377 |   0.0 |       0 |     309 |   0.0 |  8682
               +---------+---------+-------+---------+---------+-------+---------
           D:1 |       0 |      66 |   0.0 |       0 |      27 |   0.0 |   670
           D:2 |       0 |     236 |   0.0 |       0 |      23 |   0.0 |  1270
           D:3 |       0 |     226 |   0.0 |       0 |      37 |   0.0 |   730
           D:4 |       0 |     623 |   0.0 |       0 |      20 |   0.0 |   828
           D:5 |       0 |    1317 |   0.0 |       0 |      43 |   0.0 |   830
           D:6 |       0 |    1522 |   0.0 |       0 |      24 |   0.0 |   930
           D:7 |       0 |    1165 |   0.0 |       0 |      25 |   0.0 |   826
           D:8 |       0 |    1457 |   0.0 |       0 |      20 |   0.0 |   701
           D:9 |       0 |    2939 |   0.0 |       0 |      76 |   0.0 |   988
          D:10 |       0 |    1826 |   0.0 |       0 |      14 |   0.0 |   586
               +---------+---------+-------+---------+---------+-------+---------
